 Dungeon Crawl Stone Soup version 0.30-a0-651-g0755cc6dcf (webtiles) character file.

Game seed: 631137579143295232

2964 postfeelist the Cleaver (level 9, -15/75 HPs)
             Began as a Hill Orc Fighter on Jan 18, 2023.
             Was a Priest of Dithmenos.
             Demolished by a very large slime creature (39 damage)
             ... on level 8 of the Dungeon.
             The game lasted 01:26:29 (5090 turns).

postfeelist the Cleaver (Hill Orc Fighter)          Turns: 5090, Time: 01:26:30

Health: -15/75     AC: 21    Str: 21    XL:     9   Next: 82%
Magic:  6/9        EV: 12    Int:  8    God:    Dithmenos [***...]
Gold:   325        SH:  0    Dex: 12    Spells: 8/8 levels left

rFire   . . .      SeeInvis .    i - +5 halberd
rCold   . . .      Faith    .    (shield currently unavailable)
rNeg    . . .      Spirit   .    n - +0 plate armour
rPois   .          Reflect  .    C - +0 helmet
rElec   .          Harm     .    w - +3 cloak of the Desert {Regen+}
rCorr   .          Rampage  .    (no gloves)
Will    .....                    H - +2 pair of boots Stlth
                                 (no amulet)
HPRegen 1.12/turn                W - +5 ring of evasion
MPRegen 0.11/turn                (no ring)

@: wreathed by umbra
A: no striking features
a: Renounce Religion, Shadow Step


You were on level 8 of the Dungeon.
You worshipped Dithmenos.
Dithmenos was most pleased with you.
You visited 2 branches of the dungeon, and saw 9 of its levels.

You collected 325 gold pieces.

Inventory:

Hand Weapons
 e - a +4 mace
 h - a +5 falchion
 i - a +5 halberd (weapon)
 p - a +3 dagger
 r - a +1 mace
 E - a +0 dagger of venom
 V - a +2 hammer of protection
 X - a +4 quarterstaff of chaos
Missiles
 s - 79 stones
 z - 3 javelins
 L - 8 boomerangs
 M - 16 poisoned darts (quivered)
Armour
 b - a +0 scale mail
 f - a scarf of harm
 g - a +0 robe
 k - a +2 robe of cold resistance
 n - a +0 plate armour (worn)
 q - a +0 pair of boots
 w - the +3 cloak of the Desert (worn) {Regen+}
   (You found it on level 6 of the Dungeon)

   Regen:     It increases your rate of health regeneration.
 y - a +0 cloak
 B - a +0 ring mail
 C - a +0 helmet (worn)
 D - a +0 buckler
 G - a +0 scale mail
 H - a +2 pair of boots (worn)
 K - a +0 ring mail
 P - a +2 robe of the Archmagi
Jewellery
 u - a ring of fire
 W - a +5 ring of evasion (left hand)
Wands
 c - a wand of acid (4)
 A - a wand of digging (8)
 U - a wand of mindburst (3)
 Y - a wand of charming (7)
Scrolls
 a - 2 scrolls of teleportation
 x - a scroll of brand weapon
 N - a scroll of amnesia
Potions
 d - a potion of lignification
 j - 2 potions of haste
 l - 3 potions of attraction
 m - 2 potions of flight
 o - a potion of invisibility {unknown}
 t - a potion of cancellation
 v - 2 potions of magic
 J - 3 potions of mutation
 O - 3 potions of heal wounds
 R - a potion of ambrosia {unknown}
 S - a potion of berserk rage {unknown}
 T - 2 potions of degeneration
 Z - a potion of resistance {unknown}


   Skills:
 + Level 6.1 Fighting
 + Level 8.1(10.1) Axes
 + Level 6.7(8.0) Maces & Flails
 + Level 3.8(5.8) Polearms
 + Level 1.1 Throwing
 + Level 6.2 Armour
 + Level 4.1 Dodging
 + Level 5.5 Shields
 + Level 1.1 Evocations


You had 8 spell levels left.
You didn't know any spells.
Your spell library contained the following spells:

 Spells                   Type           Power      Damage    Failure   Level
 Cigotuvi's Dreadful Rot  Necr/Pois/Air  0%         N/A       100%        2
 Poisonous Vapours        Pois/Air       0%         N/A       100%        2
 Ignite Poison            Fire/Tmut/Pois 0%         N/A       100%        3
 Kindle Blastsparks       Fire/Tloc/Air  0%         2d10      100%        3
 Mephitic Cloud           Conj/Pois/Air  0%         N/A       100%        3
 Airstrike                Air            0%         2d(0-16)  100%        4
 Fulminant Prism          Conj/Hex       0%         3d5       100%        4
 Iskenderun's Mystic Bla  Conj/Tloc      0%         2d3       100%        4
 Summon Lightning Spire   Summ/Air       0%         N/A       100%        4
 Fireball                 Conj/Fire      0%         3d3       100%        5
 Freezing Cloud           Conj/Ice/Air   0%         6-21      100%        5
 Iskenderun's Battlesphe  Conj           0%         2d6       100%        5
 Lee's Rapid Deconstruct  Erth           0%         3d4*      100%        5
 Lightning Bolt           Conj/Air       0%         1d11      100%        5
 Conjure Ball Lightning   Conj/Air       0%         3x3d6     100%        6
 Orb of Destruction       Conj           0%         9d5       100%        7


Dungeon Overview and Level Annotations

Branches:
Dungeon (8/15)             Temple (1/1) D:4
   Lair: D:8-11

Altars:
Ashenzari
Cheibriados
Dithmenos
Elyvilon
Fedhas
Gozag
Hepliaklqana
Kikubaaqudgha
Nemelex Xobeh
Okawaru
Ru
Sif Muna
Trog
Uskayaw
Vehumet
Wu Jian
Xom
Zin
The Shining One


Message History

The slime creature is moderately wounded.
The slime creature hits you. The slime creature barely misses you.
You slash the slime creature!
The slime creature is heavily wounded.
The slime creature hits you!
The slime creature hits you but does no damage.
You barely miss the slime creature.
The slime creature is heavily wounded.
The slime creature hits you but does no damage.
The slime creature closely misses you.
A very large slime creature splits.
You barely miss the slime creature.
The slime creature is heavily wounded.
The slime creature hits you but does no damage.
Two slime creatures merge to form a very large slime creature.
You slash the very large slime creature!
The very large slime creature is moderately wounded.
The slime creature barely misses you.
The very large slime creature barely misses you.
The slime creature hits you.
The very large slime creature barely misses you.
The slime creature hits you but does no damage.
You hit the very large slime creature but do no damage.
The very large slime creature is moderately wounded.
The slime creature hits you but does no damage. x2
The very large slime creature hits you!!!
Ouch! That really hurt!
* * * LOW HITPOINT WARNING * * *
You emit a cloud of dark smoke.
You slash the very large slime creature!
The very large slime creature is moderately wounded.
The slime creature misses you.
The slime creature hits you but does no damage.
The very large slime creature completely misses you.
You barely miss the very large slime creature.
The very large slime creature is moderately wounded.
The slime creature closely misses you.
The slime creature hits you but does no damage.
The very large slime creature hits you!!!
Ouch! That really hurt!
You die...

#### ...#######..
............ ......#
.... ###...# ... #
#...# ..#+#### #
#...#####+##.....#
###.........##.JJ§.#+##
..####...)..##.J@§....#
#[.###..))..##.§§§....#
...<..............>.(.#
##..##......##..#.....#
##..##......##..#.....#
###..#......#.........#
#.........#..##..####
####.............#
#####.##..#...#


You could see a very large slime creature and 2 slime creatures.

Vanquished Creatures
  Grinder (D:3)
  Sigmund (D:4)
  3 water moccasins
  Duvessa (D:6)
  A sky beast (D:6)
  2 black bears
  A centaur (D:6)
  An ogre (D:5)
  Blork the orc (D:4)
  2 bullfrogs (D:6)
  A kobold brigand (D:7)
  3 scorpions (D:5)
  2 necrophages (D:6)
  8 wights (D:6)
  Dowan (D:6)
  2 vampire bats (D:5)
  2 hounds
  Crazy Yiuf (D:4)
  6 orc priests
  2 jellies
  3 iguanas
  Ijyb (D:3)
  2 orc wizards (D:7)
  Natasha (D:2)
  4 adders
  A white imp (D:7)
  An ufetubus (D:4)
  A worm (D:4)
  4 dart slugs
  12 orcs
  9 bats
  4 bat skeletons (D:5)
  2 endoplasms (D:3)
  5 giant cockroaches
  9 goblins
  6 hobgoblins
  4 jackals (D:1)
  12 kobolds
  A quokka (D:2)
  8 ball pythons
  13 frilled lizards
  2 rats
  A spectral goblin (D:1)
148 creatures vanquished.

Vanquished Creatures (others)
  An orc (D:7)
  22 plants (D:3)
23 creatures vanquished.

Grand Total: 171 creatures vanquished

Notes
Turn   | Place    | Note
-------+----------+-------------------------------------------
     0 | D:1      | postfeelist the Hill Orc Fighter began the quest for the
                  | Orb.
     0 | D:1      | Reached XP level 1. HP: 19/19 MP: 1/1
   148 | D:1      | Reached XP level 2. HP: 27/27 MP: 2/2
   208 | D:1      | Reached skill level 3 in Axes
   242 | D:1      | Reached XP level 3. HP: 33/33 MP: 3/3
   285 | D:1      | Found a faded altar of an unknown god.
   310 | D:1      | Prayed at the altar of an unknown god.
   310 | D:1      | Became a worshipper of Dithmenos the Shadowed
   310 | D:1      | Reached * piety under Dithmenos
   316 | D:1      | You fall into a shaft and drop 1 floor!
   407 | D:2      | Noticed Natasha
   416 | D:2      | Killed Natasha
   417 | D:2      | Reached XP level 4. HP: 36/40 MP: 4/4
   431 | D:2      | Reached skill level 4 in Axes
  1197 | D:3      | Noticed Ijyb
  1218 | D:3      | Killed Ijyb
  1382 | D:3      | Reached XP level 5. HP: 46/46 MP: 5/5
  1497 | D:3      | Reached ** piety under Dithmenos
  1498 | D:3      | Reached skill level 5 in Axes
  1567 | D:3      | Noticed Grinder
  1573 | D:3      | Paralysed by Grinder for 4 turns
  1582 | D:3      | Paralysed by Grinder for 5 turns
  1589 | D:3      | Killed Grinder
  1590 | D:3      | Reached skill level 6 in Axes
  1590 | D:3      | Reached skill level 1 in Dodging
  1590 | D:3      | Reached XP level 6. HP: 18/53 MP: 6/6
  2154 | D:4      | Noticed Sigmund
  2166 | D:4      | Killed Sigmund
  2167 | D:4      | Reached skill level 7 in Axes
  2167 | D:4      | Reached XP level 7. HP: 50/60 MP: 7/7
  2227 | D:4      | Found a staircase to the Ecumenical Temple.
  2283 | Temple   | Entered the Ecumenical Temple
  2468 | D:4      | Found a runed translucent door.
  2469 | D:4      | Noticed Crazy Yiuf
  2488 | D:4      | Noticed Blork the orc
  2511 | D:4      | Killed Blork the orc
  2512 | D:4      | Reached skill level 5 in Fighting
  2512 | D:4      | Reached skill level 8 in Axes
  2512 | D:4      | Reached skill level 1 in Maces & Flails
  2578 | D:4      | Killed Crazy Yiuf
  2861 | D:5      | Entered Level 5 of the Dungeon
  2938 | D:5      | Reached skill level 5 in Armour
  2938 | D:5      | Reached XP level 8. HP: 68/68 MP: 8/8
  3377 | D:5      | Found an ancient bone altar of Kikubaaqudgha.
  3383 | D:5      | Reached *** piety under Dithmenos
  3389 | D:5      | Reached skill level 5 in Shields
  3523 | D:6      | Noticed Duvessa
  3523 | D:6      | Noticed Dowan
  3545 | D:6      | Killed Duvessa
  3574 | D:6      | Killed Dowan
  3575 | D:6      | Reached skill level 5 in Maces & Flails
  3626 | D:6      | Reached XP level 9. HP: 72/75 MP: 9/9
  3773 | D:6      | Identified the +3 cloak of the Desert {Regen+}
  4176 | D:6      | Reached skill level 1 in Polearms
  4598 | D:7      | Reached skill level 1 in Throwing
  4774 | D:7      | Reached skill level 1 in Evocations
  4777 | D:7      | Reached **** piety under Dithmenos
  5090 | D:8      | Demolished by a very large slime creature

Illustrated notes

Levels and vault maps discovered:
D:1:      amcnicky_arrival_blooded_trapdoor, layout_basic,
          dreamdust_ecumenical_altar_drowned_temple
D:2:      layout_loops_cross, item_on_display_a, uniq_natasha
D:3:      minmay_general_purpose_star, layout_loops_corners, serial_bayou,
          serial_bayou_lagoon_a, serial_bayou_pond_e, serial_bayou_pond_e,
          serial_bayou_lake_a, chequers_serial_rivers_micro_a,
          minmay_lizard_king, uniq_ijyb, uniq_grinder
D:4:      layout_rooms, minmay_temple_entry_trees, kennysheep_decorative_pillar,
          uniq_sigmund, uniq_crazy_yiuf_cottage, uniq_blork_the_orc
D:5:      layout_basic, kennysheep_vampire_church
D:6:      hellmonk_destroyed_diamonds, layout_loops_corners, uniq_eustachio,
          uniq_duvessa
D:7:      layout_cave_pools
D:8:      minmay_weird_star, layout_basic
Temple:   compressed_dpeg_triangle_lava_temple

Skill      XL: |  1  2  3  4  5  6  7  8  9 |
---------------+----------------------------+-----
Fighting       | 4 5 6 |  6.1
Axes           | 3 4 6 7 8 |  8.1
Armour         | 4 5 6 |  6.2
Dodging        | 1 2 4 |  4.1
Shields        | 4 5 |  5.5
Maces & Flails | 2 5 6 |  6.7
Polearms       | 3 |  3.8
Throwing       | 1 |  1.1
Evocations     | 1 |  1.1

Action                   |  1- 3 |  4- 6 |  7- 9 || total
-------------------------+-------+-------+-------++-------
Melee: War axe           |    97 |   175 |    22 ||   294
       Mace              |       |       |   215 ||   215
       Halberd           |       |       |    99 ||    99
Throw: Stone             |       |     7 |       ||     7
       Dart              |       |     2 |    11 ||    13
Invok: Shadow Step       |       |       |     1 ||     1
Evoke: Wand              |       |     1 |    10 ||    11
  Use: Scroll            |     4 |     2 |    12 ||    18
       Potion            |       |       |     9 ||     9
Armor: Scale mail        |    56 |    79 |   130 ||   265
       Plate armour      |       |       |    78 ||    78
Dodge: Dodged            |    57 |    91 |   311 ||   459
Block: Buckler           |    24 |    29 |    82 ||   135

Table legend: (Time is in decaauts)
 A = Elapsed time spent in this place.
 B = Non-inter-level travel time spent in this place.
 C = Inter-level travel time spent in this place.
 D = Time resting spent in this place.
 E = Time spent auto-exploring this place.
 F = Levels seen in this place.
 G = Mean time per level.
                   A        B        C        D        E       F      G
               +--------+--------+--------+--------+--------+-----+--------+
         Total |   5219 |   2736 |   2483 |    100 |      0 |   9 |  579.9 |
       Dungeon |   5160 |   2710 |   2450 |    100 |      0 |   8 |  645.0 |
        Temple |     58 |     25 |     33 |      0 |      0 |   1 |   58.0 |
               +--------+--------+--------+--------+--------+-----+--------+

Top non-repeatable levels by time:
     D:6: 1033 daAuts
     D:3: 972 daAuts
     D:1: 803 daAuts
     D:4: 711 daAuts
     D:5: 674 daAuts
     D:2: 445 daAuts
     D:7: 435 daAuts
     D:8: 84 daAuts
  Temple: 58 daAuts
